 Dungeon Crawl Stone Soup version 0.29-a0-384-g6960b1960d (webtiles) character file.

Game seed: 331564723303942588

112 domi the Conjurer (level 4, -5/30 HPs)
             Began as a Demonspawn Hedge Wizard on May 7, 2022.
             Killed from afar by a white imp (6 damage)
             ... with a puff of frost
             ... summoned by Eustachio
             ... on level 3 of the Dungeon.
             The game lasted 00:05:54 (3958 turns).

domi the Conjurer (Demonspawn Hedge Wizard)         Turns: 3958, Time: 00:05:54

Health: -5/30      AC:  3    Str: 10    XL:     4   Next: 63%
Magic:  1/8        EV: 12    Int: 17    God:
Gold:   216        SH:  0    Dex: 15    Spells: 1/9 levels left

rFire   . . .      SeeInvis .   q - +2 mace (vorpal)
rCold   . . .      Faith    .   (no shield)
rNeg    . . .      Spirit   .   b - +1 robe
rPois   .          Reflect  .   c - +0 hat
rElec   .          Harm     .   (no cloak)
rCorr   .          Rampage  .   (no gloves)
Will    .....                   (no boots)
Stlth   +++.......              (no amulet)
HPRegen 0.10/turn               (no ring)
MPRegen 0.11/turn               (no ring)

@: no status effects
A: hooves 1, thin skeletal structure 1, powered by death 1
a: no special abilities


You were on level 3 of the Dungeon.
You visited 1 branch of the dungeon, and saw 4 of its levels.

You collected 216 gold pieces.

Inventory:

Hand Weapons
 a - a +0 dagger
 q - a +2 vorpal mace (weapon)
   (You took it off an orc on level 3 of the Dungeon)
Armour
 b - a +1 robe (worn)
 c - a +0 hat (worn)
 n - the +1 robe of Ytanlul {Str+4}
   (You found it on level 2 of the Dungeon)

   Str:       It affects your strength (+4).
Jewellery
 l - an amulet of the acrobat
   (You found it on level 2 of the Dungeon)
Scrolls
 d - 5 scrolls of identify {@r1}
 f - 2 scrolls of magic mapping {unknown}
 g - a scroll of noise {!r}
 o - a scroll of teleportation {@r4}
 p - a scroll of poison {unknown}
 s - a scroll of blinking {unknown}
Potions
 e - a potion of resistance
 h - 2 potions of lignification {unknown}
 j - a potion of brilliance {unknown}
 m - a potion of haste {@q3}
 r - a potion of berserk rage {unknown}
 t - a potion of degeneration {unknown}


   Skills:
 - Level 1.7 Dodging
 - Level 1.7 Stealth
 - Level 3.0 Spellcasting
 + Level 4.5 Conjurations
 - Level 1.0 Summonings
 - Level 0.8 Translocations


You had one spell level left.
You knew the following spells:

 Your Spells              Type           Power      Damage    Failure   Level
b - Blink                 Tloc           10%        N/A       19%         2
c - Mephitic Cloud        Conj/Pois/Air  7%         N/A       28%         3
x - Call Imp              Summ           5%         N/A       17%         2
z - Magic Dart            Conj           72%        1d6       2%          1

Your spell library contained the following spells:

 Spells                   Type           Power      Damage    Failure   Level
 Slow                     Hex            8%         N/A       17%         1
 Conjure Flame            Conj/Fire      10%        6-21      21%         3


Dungeon Overview and Level Annotations

Branches:
Dungeon (4/15)
 Temple: D:4-7

Altars:
Xom
The Shining One

Shops:
D:4 (

Annotations:
D:3 Eustachio
D:4 Edmund, Menkaure


Innate Abilities, Weirdness & Mutations

You have large cloven feet.
You have a somewhat thin skeletal structure. (Dex +2, Stealth+)
You regenerate a little health from kills.


Message History

The orc shouts!
Eustachio convulses!
Your body is wracked with pain!
Eustachio closely misses you.
You hear a shout!
You climb upwards.
There is a stone staircase leading down here.
You take 14 damage, and have 16/30 hp.
MASSIVE DAMAGE!!
Unknown command.
You blink.
You now have 6/8 mp.
The spell is quite dangerous to miscast (28% risk of failure)!
Continue anyway?
Aim: Eustachio, wielding a +0 rapier, wearing a +0 leather armour and carrying a wand of digging (3) (heavily wounded, chance to affect: 81%)
The ball explodes into a vile cloud!
The stinking cloud engulfs Eustachio but does no damage.
Eustachio is engulfed in noxious fumes.
Eustachio appears confused.
You now have 3/8 mp.
A beastly little devil appears in a puff of flame.
Something misses your crimson imp.
You now have 1/8 mp.
Eustachio misses your crimson imp.
Your crimson imp barely misses Eustachio.
Your crimson imp hits Eustachio.
You feel stable enough to blink again.
Eustachio hits your crimson imp with a +0 rapier.
Your crimson imp hits Eustachio.
Your crimson imp hits Eustachio but does no damage.
Your crimson imp hits Eustachio.
Eustachio casts a spell.
Eustachio blinks!
Unknown command.
You start resting.
You hear a zap.
You hear a grinding noise.
What are your orders? t - Shout!
Orders for allies: a - Attack new target. p - Attack previous target. r - Retreat! s - Stop attacking. g - Guard the area. f - Follow me.
Anything else - Cancel.
Gang up on whom?
Aim: Eustachio, wielding a +0 rapier, wearing a +0 leather armour and carrying a wand of digging (2) (severely wounded, not watching you, ally target) Attack!
Eustachio closely misses your crimson imp.
Your crimson imp closely misses Eustachio.
Eustachio misses your crimson imp.
Your crimson imp blinks!
Aim: Eustachio, wielding a +0 rapier, wearing a +0 leather armour and carrying a wand of digging (2) (severely wounded, not watching you, ally target, 100% to hit)
The magic dart hits Eustachio but does no damage.
Your crimson imp blinks!
You now have 2/8 mp.
Aim: Eustachio, wielding a +0 rapier, wearing a +0 leather armour and carrying a wand of digging (2) (severely wounded, ally target, 100% to hit)
The magic dart hits Eustachio but does no damage.
Eustachio casts a spell.
Eustachio blinks!
You now have 1/8 mp.
Aim: Eustachio, wielding a +0 rapier, wearing a +0 leather armour and carrying a wand of digging (2) (severely wounded, ally target, 100% to hit)
The magic dart hits Eustachio.
Eustachio mumbles some strange words.
Eustachio blinks!
You now have 0/8 mp.
You don't have enough magic to cast this spell.
You aren't carrying any items that you can evoke.
Unknown command.
Throw: 3 javelins
Aim: Eustachio, wielding a +0 rapier, wearing a +0 leather armour and carrying a wand of digging (2) (severely wounded, ally target, 46% to hit)
You throw a javelin. The javelin misses Eustachio.
Eustachio casts a spell.
Eustachio zaps a wand.
Some rock shatters into small pieces.
Throw: 2 javelins
Aim: Eustachio, wielding a +0 rapier, wearing a +0 leather armour and carrying a wand of digging (1) (severely wounded, ally target, 46% to hit)
You throw a javelin. The javelin closely misses Eustachio.
Your crimson imp disappears in a puff of smoke!
Throw: javelin
Aim: Eustachio, wielding a +0 rapier, wearing a +0 leather armour and carrying a wand of digging (1) (severely wounded, 46% to hit)
You throw a javelin. The javelin barely misses Eustachio.
Eustachio gestures wildly while chanting.
Eustachio screams, "Hey, you killed my favourite bat!"
You closely miss Eustachio. Your kick misses Eustachio.
The bat closely misses you. Eustachio barely misses you.
The white imp hits you but does no damage.
The bat closely misses you.
You closely miss Eustachio. The bat closely misses you.
Eustachio hits you with a +0 rapier! The white imp completely misses you.
The quokka closely misses you.
You take 8 damage, and have 10/30 hp.
MASSIVE DAMAGE!!
You closely miss Eustachio.
Eustachio gestures wildly while chanting.
Eustachio blinks!
The white imp hits you.
* * * LOW HITPOINT WARNING * * *
The white imp freezes you.
* * * LOW HITPOINT WARNING * * *
The quokka closely misses you. The iron imp closely misses you.
The crimson imp barely misses you. Eustachio hits you with a +0 rapier.
* * * LOW HITPOINT WARNING * * *
The white imp gestures at you. The puff of frost hits you.
You die...

#...................)..#
###.#..................#
#####.#...#.......###.####
.....).......††)####.
#..##.####..#######.
##..#.# #.......#.
###...## ###.#.#..
..###..#####.##.5##
..###.....##.##5@@#
..............(r#5###
##.##.###.##..#b....#
#..#.# #.....###...#
##...# ####...##....#
##### ###.##...## ########


You could see Eustachio, an iron imp (summoned), a crimson imp (summoned), a
white imp (summoned), a quokka (summoned) and a bat (summoned).

Vanquished Creatures
  An iguana (D:3)
  An adder (D:3)
  A dart slug (D:3)
  10 orcs
  7 ball pythons
  6 bats
  An endoplasm (D:1)
  2 giant cockroaches (D:1)
  9 goblins
  5 hobgoblins
  2 jackals (D:1)
  A quokka (D:2)
  2 frilled lizards (D:1)
  7 kobolds
  6 rats
61 creatures vanquished.

Notes
Turn   | Place    | Note
-------+----------+-------------------------------------------
     0 | D:1      | domi the Demonspawn Hedge Wizard began the quest for the
                  | Orb.
     0 | D:1      | Reached XP level 1. HP: 13/13 MP: 4/4
    70 | D:1      | HP: 3/13 [jackal (3)]
   120 | D:1      | Reached skill level 2 in Conjurations
   337 | D:1      | Gained mutation: You regenerate a little health from kills.
                  | [demonic ancestry]
   337 | D:1      | Reached XP level 2. HP: 19/19 MP: 3/6
  1064 | D:2      | Reached skill level 3 in Conjurations
  1121 | D:2      | Gained mutation: You have large cloven feet. [demonic
                  | ancestry]
  1121 | D:2      | Reached XP level 3. HP: 24/24 MP: 5/7
  1124 | D:2      | Learned a level 2 spell: Call Imp
  1127 | D:2      | Learned a level 2 spell: Blink
  1131 | D:2      | Learned a level 3 spell: Mephitic Cloud
  1653 | D:2      | Identified the +1 robe of Ytanlul {Str+4}
  1779 | D:2      | Found a faded altar of an unknown god.
  2488 | D:3      | HP: 5/24 [orc/+0 flail (9)]
  2504 | D:2      | HP: 5/24 [orc/+0 hand axe (6)]
  3114 | D:3      | Gained mutation: You have a somewhat thin skeletal
                  | structure. (Dex +2, Stealth+) [demonic ancestry]
  3114 | D:3      | Reached XP level 4. HP: 30/30 MP: 6/8
  3123 | D:3      | Reached skill level 4 in Conjurations
  3284 | D:3      | Found a shimmering altar of Xom.
  3431 | D:4      | Noticed a black bear
  3431 | D:4      | Found Adymacun's Antique Weapon Boutique.
  3645 | D:4      | Noticed Edmund
  3650 | D:4      | HP: 5/30 [Edmund/+5 flail of distortion (3)]
  3929 | D:4      | Noticed Eustachio
  3929 | D:4      | Noticed Menkaure
  3958 | D:3      | HP: 7/30 [white imp[Eustachio] (3)]
  3958 | D:3      | HP: 3/30 [white imp[Eustachio] (4)]
  3958 | D:3      | HP: 1/30 [Eustachio/+0 rapier (2)]
  3958 | D:3      | Killed from afar by a white imp

Illustrated notes

Levels and vault maps discovered:
D:1:      lightli_molten_gateway, layout_basic
D:2:      layout_loops_ring, dilly_ecumenical_altar_fadedgnrine, basic_altar,
          minmay_distorted
D:3:      layout_rooms, xom_teletrap_fun
D:4:      layout_cave_pools, mainiacjoe_overflow_chevrons,
          mainiacjoe_overflow_two_lobes, serial_shops, shop,
          nicolae_shop_overgrown_old_shop, shop, shop, kennysheep_mini,
          uniq_eustachio, uniq_menkaure, uniq_pargi, uniq_edmund

Skill      XL: |  1  2  3  4 |
---------------+-------------+-----
Conjurations   | 2 3 4 |  4.5
Dodging        | |  1.7
Stealth        | |  1.7
Spellcasting   | |  3.0
Summonings     | |  1.0
Translocations | |  0.8

Action                   |  1- 3 |  4- 6 || total
-------------------------+-------+-------++-------
Melee: Dagger            |    24 |       ||    24
       Mace              |       |    10 ||    10
       Kick              |       |     1 ||     1
Throw: Javelin           |    11 |     3 ||    14
 Cast: Magic Dart        |   114 |    28 ||   142
       Blink             |     1 |     1 ||     2
       Call Imp          |       |     3 ||     3
       Mephitic Cloud    |       |     2 ||     2
  Use: Potion            |     3 |       ||     3
       Scroll            |       |     4 ||     4
Armor: Robe              |    19 |     3 ||    22
Dodge: Dodged            |    67 |    15 ||    82

Table legend: (Time is in decaauts)
 A = Elapsed time spent in this place.
 B = Non-inter-level travel time spent in this place.
 C = Inter-level travel time spent in this place.
 D = Time resting spent in this place.
 E = Time spent auto-exploring this place.
 F = Levels seen in this place.
 G = Mean time per level.
                   A        B        C        D        E       F      G
               +--------+--------+--------+--------+--------+-----+--------+
         Total |   3980 |   3769 |    211 |   1437 |   1835 |   4 |  995.0 |
       Dungeon |   3980 |   3769 |    211 |   1437 |   1835 |   4 |  995.0 |
               +--------+--------+--------+--------+--------+-----+--------+

Top non-repeatable levels by time:
     D:2: 1658 daAuts
     D:3: 1333 daAuts
     D:1: 969 daAuts
     D:4: 20 daAuts

Table legend:
 A = Kills in this place as a percentage of kills in entire the game.
 B = Kills by you in this place as a percentage of kills by you in the entire game.
 C = Kills by friends in this place as a percentage of kills by friends in the entire game.
 D = Other kills in this place as a percentage of other kills in the entire game.
 E = Experience gained in this place as a percentage of experience gained in the entire game.
 F = Experience gained in this place divided by the number of levels of this place that you have seen.
                   A       B       C       D       E      F
               +-------+-------+-------+-------+-------+----------------------
         Total | 100.0 | 100.0 |   N/A |   N/A | 100.0 |  40.0
       Dungeon | 100.0 | 100.0 |   N/A |   N/A | 100.0 |  40.0
               +-------+-------+-------+-------+-------+----------------------
